 Dungeon Crawl Stone Soup version 0.22.1-2-g9c5b331383 (webtiles) character file.

1491 Ihlosi the Skirmisher (level 9, -8/56 HPs)
             Began as a Kobold Gladiator on Dec 13, 2018.
             Mangled by an ogre
             ... wielding a +0 giant club
              (16 damage)
             ... on level 8 of the Dungeon.
             The game lasted 00:11:41 (4986 turns).

Ihlosi the Skirmisher (Kobold Gladiator)            Turns: 4986, Time: 00:11:42

Health: -8/56      AC:  8    Str: 13    XL:     9   Next: 7%
Magic:  10/10      EV: 19    Int:  9    God:
Gold:   456        SH:  0    Dex: 18    Spells: 10/10 levels left

rFire    . . .     SeeInvis .   b - +1 long sword (holy)
rCold    . . .     Gourm    .   (shield restricted)
rNeg     . . .     Faith    .   y - +0 leather armour
rPois    .         Spirit   .   c - +0 helmet
rElec    .         Reflect  .   n - +0 cloak
rCorr    .         Harm     .   (no gloves)
MR       .....                  (no boots)
Stlth    +++.......             (no amulet)
HPRegen  0.18/turn              q - +3 ring of protection
MPRegen  0.12/turn              (no ring)

@: no status effects
A: small, carnivore
a: no special abilities


You were on level 8 of the Dungeon.
You were not hungry.

You visited 1 branch of the dungeon, and saw 7 of its levels.

You collected 456 gold pieces.

Inventory:

Hand Weapons
 a - a +1 rapier
 b - a +1 long sword of holy wrath (weapon)
 s - a +1 short sword of draining
 t - a +0 falchion
Missiles
 d - 3 throwing nets (quivered)
 z - 11 bolts
Armour
 c - a +0 helmet (worn)
 n - a +0 cloak (worn)
 u - a +1 scale mail of fire resistance
 y - a +0 leather armour (worn)
Jewellery
 q - a +3 ring of protection (left hand)
Scrolls
 k - 3 scrolls of identify
 r - a scroll of remove curse
 v - a scroll of enchant weapon
Potions
 e - a potion of might
 g - a potion of ambrosia
 h - 4 potions of curing
 i - 2 potions of mutation
 o - a potion of haste
 A - a potion of invisibility {unknown}
Comestibles
 f - 10 rations


   Skills:
 * Level 6.6 Fighting
 - Level 6.1(6.3) Short Blades
 * Level 1.5(2.9) Long Blades
 - Level 3.0 Throwing
 - Level 3.0 Armour
 * Level 6.4 Dodging
 * Level 6.2 Stealth
 * Level 1.2 Spellcasting


You had 10 spell levels left.
You didn't know any spells.
Your spell library was empty.

Dungeon Overview and Level Annotations

Branches:
Dungeon (6/15)
 Temple: D:4-7

Altars:
The Shining One

Shops:
D:5 }


Innate Abilities, Weirdness & Mutations

You are small and have problems with some larger weapons.
You are carnivorous and can eat meat at any time.


Message History

You slash the ogre!
The ogre is severely wounded.
You hit the ogre.
The ogre is severely wounded.
The ogre closely misses you.
You hit the ogre.
The ogre is severely wounded.
The ogre completely misses you.
You hit the ogre.
The ogre is almost dead.
The ogre hits you with a giant club!
Your magical contamination has completely faded away.
You slash the ogre!
You kill the ogre!
You barely miss the ogre. The ogre hits you with a giant club!
* * * LOW HITPOINT WARNING * * *
You slash the ogre!
The ogre is moderately wounded.
The ogre hits you with a giant club!
You die...

### +@# ###O#
#.).# # #..##
# ## #.##
#.### ##.
#.......# #...
##.. ##...####
####...####...
....
.......oo('...
##.
####...####...


You could see an ogre.

Vanquished Creatures
  Edmund (D:4)
  2 sky beasts
  3 ogres
  2 bullfrogs (D:8)
  2 scorpions (D:4)
  4 hounds
  A quasit (D:5)
  Crazy Yiuf (D:2)
  An orc priest (D:5)
  2 orc wizards
  2 centaur skeletons (D:4)
  5 worker ants
  5 iguanas
  3 adders
  An ooze (D:3)
  A worm (D:2)
  2 dart slugs
  4 leopard geckos
  11 orcs
  10 bats
  4 giant cockroaches
  5 hobgoblins
  17 jackals
  3 quokkas
  A ball python (D:2)
  5 frilled lizards
  5 goblins
  A jackal skeleton (D:4)
  5 kobolds
  7 rats
116 creatures vanquished.

Notes
Turn   | Place    | Note
-------+----------+-------------------------------------------
     0 | D:1      | Ihlosi the Kobold Gladiator began the quest for the Orb.
     0 | D:1      | Reached XP level 1. HP: 12/12 MP: 1/1
   120 | D:1      | Reached XP level 2. HP: 18/18 MP: 2/2
   278 | D:1      | Reached skill level 1 in Stealth
   410 | D:1      | Reached XP level 3. HP: 19/22 MP: 3/3
   714 | D:2      | Reached skill level 1 in Armour
   962 | D:2      | Reached XP level 4. HP: 24/27 MP: 4/4
  1475 | D:2      | Found a runed door.
  1479 | D:2      | Noticed Crazy Yiuf
  1486 | D:2      | Killed Crazy Yiuf
  1486 | D:2      | Reached XP level 5. HP: 32/32 MP: 5/5
  1898 | D:3      | Found a glowing golden altar of the Shining One.
  2601 | D:4      | Reached skill level 5 in Short Blades
  2703 | D:4      | Reached XP level 6. HP: 30/37 MP: 6/6
  2889 | D:4      | Noticed an ogre
  3034 | D:4      | Reached XP level 7. HP: 31/41 MP: 7/7
  3447 | D:4      | Noticed Edmund
  3466 | D:4      | Killed Edmund
  3466 | D:4      | Reached skill level 5 in Dodging
  3469 | D:4      | Reached skill level 5 in Stealth
  3469 | D:4      | Reached XP level 8. HP: 30/48 MP: 8/8
  3585 | D:4      | Reached skill level 5 in Fighting
  3671 | D:5      | Entered Level 5 of the Dungeon
  3673 | D:5      | Found Feenecsa's Gadget Shop.
  4913 | D:6      | You fall through a shaft for 2 floors!
  4931 | D:8      | Reached skill level 1 in Long Blades
  4931 | D:8      | Reached skill level 1 in Spellcasting
  4931 | D:8      | Reached XP level 9. HP: 42/56 MP: 8/10
  4986 | D:8      | Mangled by an ogre

Skill      XL: |  1  2  3  4  5  6  7  8 |
---------------+-------------------------+-----
Stealth        | 1 2 3 5 6 |  6.2
Armour         | 1 2 3 |  3.0
Dodging        | 4 5 6 |  6.4
Fighting       | 3 4 6 |  6.6
Short Blades   | 5 6 |  6.1
Throwing       | 3 |  3.0
Long Blades    | 1 |  1.5
Spellcasting   | 1 |  1.2

Action                   |  1- 3 |  4- 6 |  7- 9 || total
-------------------------+-------+-------+-------++-------
Melee: Rapier            |   126 |   187 |       ||   313
       Short sword       |       |    14 |   144 ||   158
       Long sword        |       |       |    76 ||    76
Throw: Throwing net      |       |     1 |       ||     1
  Use: Scroll            |     1 |     6 |     9 ||    16
       Potion            |       |       |     2 ||     2
 Stab: Sleeping          |     2 |     7 |     3 ||    12
       Distracted        |       |       |     1 ||     1
  Eat: Chunk             |     8 |     7 |     1 ||    16
Armor: Leather armour    |    31 |    48 |    43 ||   122
Dodge: Dodged            |   124 |   164 |   178 ||   466
       Rpst.: Long sword |       |       |    24 ||    24
